 Dungeon Crawl Stone Soup version 0.32-a0-391-gce5c0aab1b (webtiles) character file.

Game seed: 8311035791102706297

13562 Goblin1989 the Basher (level 12, -1/93 HPs)
             Began as a Coglin Brigand on Feb 20, 2024.
             Was a Priest of Okawaru.
             Slain by a minotaur
             ... wielding a +0 war axe
              (2 damage)
             ... in a Gauntlet.
             The game lasted 00:47:52 (10824 turns).

Goblin1989 the Basher (Coglin Brigand)             Turns: 10824, Time: 00:47:52

Health: -1/93      AC: 30    Str: 14    XL:     12   Next: 7%
Magic:  10/14      EV:  5    Int: 11    God:    Okawaru [***...]
Gold:   1444       SH:  0    Dex: 19    Spells: 11/11 levels left

rFire   + + +        F - +3 flail {Vikramjeet}
rCold   . . .        U - +0 morningstar (protect) {Ran}
rNeg    . . .        l - +1 gold dragon scales
rPois   +            (no helmet)
rElec   .            r - +0 cloak of Eternal Night {rF+ Dex+3}
rCorr   .            R - +0 pair of gloves
SInv    .            V - +0 pair of boots
Will    .....        (no amulet) Stlth
                     j - +4 ring of protection
HPRegen 0.35/turn    P - ring of fire
MPRegen 0.14/turn

%: no teleportation
@: heroic, under a protective aura, revved, stiff-legged, very slow
A: off-hand wielding, slow wielding, warmup strikes, warmup strides, deformed
body, weak 1
a: Renounce Religion, Heroism


You were in a Gauntlet.
You worshipped Okawaru.
Okawaru was most pleased with you.
You visited 3 branches of the dungeon, and saw 12 of its levels.
You also visited: Ossuary, Bailey and Gauntlet.

You collected 1444 gold pieces.

Inventory:

Hand Weapons
 q - the +9 sword of Power {lifebolt}
   (You found it in a Gauntlet)
 F - a +3 flail (weapon) {Vikramjeet}
 U - a +0 morningstar of protection (worn) {Ran}
Missiles
 d - 30 poisoned darts
 e - 2 curare-tipped darts
 k - 4 atropa-tipped darts
 n - 125 stones (quivered)
 O - 2 throwing nets {!d , @Q1}
 Q - 10 boomerangs {@Q3}
 Y - 5 datura-tipped darts
Armour
 c - a +0 cloak
 l - +1 gold dragon scales (worn)
 r - the +0 cloak of Eternal Night (worn) {rF+ Dex+3}
   (You found it in a Gauntlet)

   Dex+3:     It affects your dexterity (+3).
   rF+:       It protects you from fire.
 z - a +1 scale mail of poison resistance
 R - a +0 pair of gloves (worn)
 V - a +0 pair of boots (worn)
Magical Staves
 Z - the staff "Utty" {Int+2 Conj}
   (You took it off a centaur warrior on level 9 of the Dungeon)

   [staff of conjuration]

   Base accuracy: +5 Base damage: 5 Base attack delay: 1.2 This weapon's minimum
   attack delay (0.6) is reached at skill level 12.
   Int+2:     It affects your intelligence (+2).
   Conj:      It increases the power of your Conjurations spells.
   It falls into the 'Staves' category.
   It is a one-graspered weapon.
Jewellery
 j - a +4 ring of protection (left grasper)
 y - a ring of see invisible
 P - a ring of fire (right grasper)
 W - a ring of ice
Wands
 w - a wand of flame (10) {@v1}
 B - a wand of quicksilver (7)
 E - a wand of charming (5)
 I - a wand of mindburst (31)
 M - a wand of roots (8)
 S - a wand of polymorph (13)
Scrolls
 i - 7 scrolls of teleportation {!r, @r2}
 p - a scroll of immolation {unknown}
 C - a scroll of brand weapon
 D - a scroll of fog
 G - a scroll of summoning
 L - 4 scrolls of identify {@r1}
 T - a scroll of revelation
 X - a scroll of amnesia
Potions
 s - a potion of brilliance {unknown}
 t - a potion of invisibility {unknown}
 u - 4 potions of enlightenment
 v - 2 potions of haste {@q3,}
 x - 2 potions of lignification
 A - a potion of resistance {@q5}
 H - 4 potions of curing {@q1}
 J - 4 potions of magic
 K - a potion of ambrosia
 N - 4 potions of attraction


   Skills:
 + Level 8.2(13.2) Fighting
 - Level 2.4(7.4) Short Blades
 * Level 10.1(15.1) Maces & Flails
 - Level 1.7(6.7) Throwing
 + Level 8.8(13.8) Armour
 + Level 7.1(12.1) Dodging
 - Level 3.7(8.7) Stealth
 + Level 3.9 Invocations


You had 11 spell levels left.
You didn't know any spells.
Your spell library contained the following spells:

 Spells                   Type           Power      Damage    Failure   Level
 Apportation              Tloc           0%         N/A       100%        1
 Necrotise                Necr           0%         1d4       100%        1
 Sting                    Conj/Alch      0%         1d3       100%        1
 Ensorcelled Hibernation  Hex/Ice        0%         N/A       100%        2
 Frozen Ramparts          Ice            0%         1d1       100%        3
 Passwall                 Erth           0%         N/A       100%        3
 Sigil of Binding         Hex            0%         N/A       100%        3
 Swiftness                Air            0%         N/A       100%        3
 Dimensional Bullseye     Hex/Tloc       0%         N/A       100%        4
 Iskenderun's Mystic Bla  Conj/Tloc      0%         2d3       100%        4
 Leda's Liquefaction      Alch/Erth      0%         N/A       100%        4
 Petrify                  Alch/Erth      0%         N/A       100%        4
 Metabolic Englaciation   Hex/Ice        0%         N/A       100%        5
 Summon Small Mammal      Summ           Unusable   N/A       N/A         1
 Call Canine Familiar     Summ           Unusable   N/A       N/A         3
 Tukima's Dance           Hex            Unusable   N/A       N/A         3

Dungeon Overview and Level Annotations

Branches:
Dungeon (10/15) Zot: 26957  Temple (1/1) D:6 Zot: 5936    Lair (1/5) D:9 Zot: 5932
Ossuary (visited)          Bailey (visited)         Gauntlet (1/1) Zot: 5513
    Orc: D:9-12

Altars:
Ashenzari
Cheibriados
Dithmenos
Elyvilon
Fedhas
Gozag
Hepliaklqana
Kikubaaqudgha
Makhleb
Okawaru
Qazlal
Ru
Sif Muna
Trog
Uskayaw
Wu Jian
Xom
Yredelemnul
Zin
The Shining One

Shops:
D:2 [   D:7 *

Annotations:
D:5 1 runed translucent door, TobyConnect's ghost, amateur DsFi Gauntlet 6 transporters, 1 runed translucent door


Innate Abilities, Weirdness & Mutations

You can wield a second weapon in your off-hand.
It takes a long time for you to wield or remove held weapons.
Your first few attacks do less damage.
Your first movements take longer.
Armour fits poorly on your strangely shaped body.
You are weak. (Str -2)


Message History

The minotaur bellows!
There is an open door here.
Press: ? - help, v - describe, . - travel, g - get item
Here: a minotaur, wielding a +0 war axe, wearing a +0 plate armour and quivering javelins
Items here: / : ?? [[[.
A gate leading back out of this place.
You gain the combat prowess of a mighty hero.
You now have 9/14 mp.
You hit the minotaur but do no damage.
Your weapon exudes an aura of protection.
You hit the minotaur with your +3 flail.
The minotaur hits you with a +0 war axe!!
The minotaur gores you but does no damage.
You take 26 damage, and have 51/93 hp.
MASSIVE DAMAGE!!
You hit the minotaur but do no damage.
The minotaur is lightly wounded.
You hit the minotaur but do no damage.
You puncture the minotaur with your +0 morningstar of protection!
The minotaur is moderately wounded.
You hit the minotaur but do no damage.
The minotaur hits you but does no damage.
The minotaur gores you but does no damage.
You thump the minotaur with your +3 flail!
The minotaur is moderately wounded.
You hit the minotaur with your +0 morningstar of protection.
The minotaur barely misses you.
The minotaur gores you but does no damage.
You hit the minotaur with your +3 flail.
The minotaur is heavily wounded.
You completely miss the minotaur with your +0 morningstar of protection.
You hit the minotaur with your +3 flail.
The minotaur is heavily wounded.
You hit the minotaur but do no damage.
The minotaur hits you with a +0 war axe!!
* * * LOW HITPOINT WARNING * * *
The minotaur completely misses you.
You take 19 damage, and have 33/93 hp.
MASSIVE DAMAGE!!
You closely miss the minotaur with your +0 morningstar of protection.
The minotaur is heavily wounded.
You sock the minotaur with your +3 flail!
The minotaur hits you with a +0 war axe!!
* * * LOW HITPOINT WARNING * * *
The minotaur gores you.
* * * LOW HITPOINT WARNING * * *
You take 24 damage, and have 9/93 hp.
MASSIVE DAMAGE!!
You feel much better.
The minotaur hits you with a +0 war axe!
* * * LOW HITPOINT WARNING * * *
The minotaur barely misses you.
You regained 11 hp, and now have 20/93 hp.
You hit the minotaur but do no damage.
The minotaur is heavily wounded.
You hit the minotaur with your +3 flail.
The minotaur hits you with a +0 war axe!
* * * LOW HITPOINT WARNING * * *
The minotaur gores you but does no damage.
You take 8 damage, and have 12/93 hp.
You hit the minotaur with your +0 morningstar of protection.
The minotaur is severely wounded.
You hit the minotaur with your +3 flail.
You hit the minotaur but do no damage.
The minotaur is severely wounded.
You hit the minotaur with your +3 flail.
The minotaur hits you but does no damage.
The minotaur gores you.
* * * LOW HITPOINT WARNING * * *
You take 3 damage, and have 9/93 hp.
You hit the minotaur with your +3 flail.
The minotaur is almost dead.
You hit the minotaur but do no damage.
The minotaur hits you but does no damage.
The minotaur gores you but does no damage.
You closely miss the minotaur with your +3 flail.
The minotaur is almost dead.
You hit the minotaur but do no damage. You hit the minotaur but do no damage.
The minotaur is almost dead.
You hit the minotaur with your +0 morningstar of protection.
The minotaur hits you with a +0 war axe.
* * * LOW HITPOINT WARNING * * *
The minotaur completely misses you.
You take 2 damage, and have 7/93 hp.
You hit the minotaur but do no damage.
The minotaur is almost dead.
You hit the minotaur but do no damage.
The minotaur hits you but does no damage.
The minotaur gores you.
* * * LOW HITPOINT WARNING * * *
You take 3 damage, and have 4/93 hp.
You barely miss the minotaur with your +3 flail.
The minotaur furiously retaliates!
The minotaur headbutts you.
* * * LOW HITPOINT WARNING * * *
The minotaur is almost dead.
You hit the minotaur but do no damage.
You take 3 damage, and have 1/93 hp.
You hit the minotaur but do no damage.
The minotaur is almost dead.
You sock the minotaur with your +0 morningstar of protection!
The minotaur hits you with a +0 war axe.
You die...

................
.ß.ß.ß.©.©.ß.ß.ß
................
████.███.███.███
███.███.███.██
█.............█
█.███.███.███.█
█.............█


███████@██████ █H█ ∩.. ...Ψ▲ ∆Ψ...█ ██..Ψ.█ ███▲██ You could see a minotaur.

Vanquished Creatures
  2 centaur warriors (D:9)
  A fire crab (Gauntlet)
  Pikel (D:4)
  A manticore (D:9)
  Maurice (D:9)
  A cyclops (D:9)
  A cane toad (Lair:1)
  An efreet (Gauntlet)
  A troll (D:9)
  Grinder (D:3)
  3 blink frogs (Lair:1)
  2 slime creatures (D:9)
  Sigmund (D:4)
  A wyvern (D:9)
  2 shadows (D:9)
  Eustachio (D:4)
  3 fire elementals (Gauntlet)
  5 humans (Bailey)
  3 yaks (D:9)
  4 fire bats (Gauntlet)
  A basilisk (D:9)
  A steam dragon (D:9)
  A vampire mosquito (D:9)
  3 acid dragons (D:9)
  2 swamp worms (Gauntlet)
  A water moccasin (D:8)
  A hell hound (Gauntlet)
  5 orc warriors
  A black bear (D:5)
  An ice beast (D:5)
  A sky beast (D:7)
  3 ogres
  3 centaurs
  A phantom (D:5)
  2 kobold brigands (D:9)
  17 bullfrogs
  An elf zombie (Ossuary)
  2 scorpions (D:5)
  A gnoll sergeant (D:9)
  A wight (D:5)
  A killer bee (D:9)
  4 howler monkeys
  A bombardier beetle (D:5)
  A human zombie (Ossuary)
  2 centaur zombies (Ossuary)
  4 jellies
  7 orc priests
  A gnoll bouda (D:9)
  4 hounds
  A sleepcap (D:5)
  Ijyb (D:5)
  7 orc wizards
  5 hound zombies (Ossuary)
  3 mummies
  6 gnolls (D:5)
  4 adders
  A shadow imp (D:6)
  2 ufetubi (D:7)
  6 adder zombies (Ossuary)
  2 dart slugs (D:3)
  36 orcs
  6 bats
  8 endoplasms
  6 giant cockroaches
  9 goblins
  9 hobgoblins
  6 jackals
  16 kobolds
  4 quokkas
  7 ball pythons
  2 frilled lizards (D:1)
  6 gnoll zombies (Ossuary)
  2 jackal zombies (Ossuary)
  4 kobold zombies (Ossuary)
  9 orc zombies (Ossuary)
  6 rats
284 creatures vanquished.

Notes
Turn   | Place    | Note
-------+----------+-------------------------------------------
     0 | D:1      | Goblin1989 the Coglin Brigand began the quest for the Orb.
     0 | D:1      | Reached XP level 1. HP: 16/16 MP: 1/1
   106 | D:1      | Reached XP level 2. HP: 22/22 MP: 2/2
   659 | D:1      | Reached XP level 3. HP: 27/27 MP: 3/3
   713 | D:1      | Reached skill level 1 in Armour
  1029 | D:2      | Found Nastreg's Armour Boutique.
  1154 | D:2      | Reached XP level 4. HP: 33/33 MP: 4/4
  2237 | D:3      | Reached XP level 5. HP: 38/38 MP: 5/5
  2237 | D:3      | Noticed Grinder
  2240 | D:3      | Gained mutation: Your movements are slightly less
                  | encumbered by armour. (ER -2) [potion of mutation]
  2240 | D:3      | Gained mutation: You are partially covered in iridescent
                  | scales. (AC +2) [potion of mutation]
  2240 | D:3      | Gained mutation: You sometimes lose your temper in combat.
                  | [potion of mutation]
  2240 | D:3      | Gained mutation: Your mind is acute. (Int +4, Str/Dex -1)
                  | [potion of mutation]
  2247 | D:3      | Killed Grinder
  2248 | D:3      | Reached skill level 5 in Armour
  2248 | D:3      | Reached skill level 1 in Dodging
  2248 | D:3      | Reached XP level 6. HP: 44/44 MP: 6/6
  2323 | D:3      | Found an ancient bone altar of Kikubaaqudgha.
  2958 | D:4      | Noticed Sigmund
  2969 | D:4      | Killed Sigmund
  2970 | D:4      | Reached skill level 1 in Maces & Flails
  2970 | D:4      | Reached XP level 7. HP: 39/51 MP: 7/7
  3130 | D:4      | Noticed Pikel
  3163 | D:4      | Killed Pikel
  3164 | D:4      | Reached skill level 3 in Maces & Flails
  3164 | D:4      | Reached XP level 8. HP: 58/58 MP: 8/8
  3241 | D:4      | Found a burning altar of Makhleb.
  3288 | D:4      | Found a hazy altar of Hepliaklqana.
  3390 | D:4      | Noticed Eustachio
  3407 | D:4      | Killed Eustachio
  3686 | D:5      | Entered Level 5 of the Dungeon
  3700 | D:5      | Reached skill level 4 in Maces & Flails
  4136 | D:5      | Reached skill level 5 in Maces & Flails
  4136 | D:5      | Reached XP level 9. HP: 62/66 MP: 9/9
  4638 | D:5      | Noticed TobyConnect's ghost (amateur DsFi)
  4638 | D:5      | Noticed Ijyb
  4648 | D:5      | Killed Ijyb
  4691 | D:5      | Found a runed translucent door.
  4886 | D:5      | Reached skill level 5 in Fighting
  4968 | D:6      | Identified a scroll of acquirement
  4970 | D:6      | Acquired 603 gold pieces
  5124 | D:6      | Found a sand-covered staircase.
  5134 | Ossuary  | Entered an ossuary
  5299 | Ossuary  | Reached skill level 6 in Maces & Flails
  5841 | D:6      | Found a staircase to the Ecumenical Temple.
  5860 | Temple   | Entered the Ecumenical Temple
  5891 | Temple   | Became a worshipper of Warmaster Okawaru
  6276 | D:7      | Found Ezisir's Elemental Accessories.
  6343 | D:7      | Found a flagged portal.
  6377 | Bailey   | Entered a bailey
  6415 | Bailey   | Lost mutation: You are partially covered in iridescent
                  | scales. (AC +2) [potion of mutation]
  6415 | Bailey   | Lost mutation: Your movements are slightly less encumbered
                  | by armour. (ER -2) [potion of mutation]
  6415 | Bailey   | Gained mutation: You are frail. (-10% HP) [potion of
                  | mutation]
  6415 | Bailey   | Lost mutation: Your mind is acute. (Int +4, Str/Dex -1)
                  | [potion of mutation]
  6415 | Bailey   | Gained mutation: Your flesh is cold resistant. (rC+)
                  | [potion of mutation]
  6415 | Bailey   | Lost mutation: You are frail. (-10% HP) [potion of
                  | mutation]
  6416 | Bailey   | Lost mutation: You sometimes lose your temper in combat.
                  | [potion of mutation]
  6416 | Bailey   | Lost mutation: Your flesh is cold resistant. (rC+) [potion
                  | of mutation]
  6416 | Bailey   | Gained mutation: You are weak. (Str -2) [potion of
                  | mutation]
  6416 | Bailey   | Gained mutation: Armour fits poorly on your strangely
                  | shaped body. [potion of mutation]
  6456 | Bailey   | Reached XP level 10. HP: 75/76 MP: 10/10
  6493 | Bailey   | Reached skill level 7 in Maces & Flails
  6493 | Bailey   | Reached skill level 5 in Dodging
  6497 | Bailey   | Reached * piety under Okawaru
  7184 | D:7      | Found a basalt altar of Yredelemnul.
  7960 | D:8      | Found a glowing silver altar of Zin.
  8059 | D:8      | Reached ** piety under Okawaru
  8060 | D:8      | Reached skill level 1 in Invocations
  8293 | D:9      | Found a staircase to the Lair.
  8347 | D:9      | Noticed a +0 dagger
  8377 | D:9      | Found a hide-covered altar of Uskayaw.
  8381 | D:9      | Noticed a +0 dagger
  8413 | D:9      | Found a shimmering blue altar of Sif Muna.
  8529 | D:9      | Noticed a centaur warrior
  8543 | D:9      | Killed a centaur warrior
  8543 | D:9      | Noticed a cyclops
  8544 | D:9      | Reached skill level 8 in Maces & Flails
  8548 | D:9      | Killed a cyclops
  8548 | D:9      | Reached *** piety under Okawaru
  8733 | D:9      | Noticed a manticore
  8831 | D:9      | Reached XP level 11. HP: 84/84 MP: 12/12
  8903 | D:9      | Identified the staff "Utty" {Int+2 Conj}
  8903 | D:9      | Noticed a centaur warrior
  8911 | D:9      | Killed a centaur warrior
  8914 | D:9      | Reached **** piety under Okawaru
  8915 | D:9      | Reached skill level 9 in Maces & Flails
  9032 | D:9      | Killed a manticore
  9677 | D:9      | Noticed Maurice
  9751 | D:9      | Killed Maurice
 10215 | D:10     | Entered Level 10 of the Dungeon
 10257 | Lair:1   | Entered Level 1 of the Lair of Beasts
 10257 | Lair:1   | Noticed a catoblepas
 10274 | Lair:1   | Noticed a boulder beetle
 10314 | Lair:1   | Found a gate leading to a gauntlet.
 10326 | Gauntlet | Entered a Gauntlet
 10326 | Gauntlet | Noticed a necromancer
 10326 | Gauntlet | Found a transporter.
 10326 | Gauntlet | Found a transporter.
 10537 | Gauntlet | Found a transporter.
 10539 | Gauntlet | Noticed a fire crab
 10541 | Gauntlet | Found a transporter.
 10541 | Gauntlet | Found a runed translucent door.
 10541 | Gauntlet | Found a runed translucent door.
 10545 | Gauntlet | Found a transporter.
 10549 | Gauntlet | Found a transporter.
 10560 | Gauntlet | Found a transporter.
 10574 | Gauntlet | Found a transporter.
 10577 | Gauntlet | Found the +9 sword of Power {lifebolt}
 10589 | Gauntlet | Found a transporter.
 10592 | Gauntlet | Found a transporter.
 10598 | Gauntlet | Noticed an arcanist
 10600 | Gauntlet | Found a transporter.
 10604 | Gauntlet | Found a transporter.
 10719 | Gauntlet | Killed a fire crab
 10720 | Gauntlet | Reached skill level 10 in Maces & Flails
 10726 | Gauntlet | Noticed a ghost crab
 10753 | Gauntlet | Reached XP level 12. HP: 79/92 MP: 3/14
 10773 | Gauntlet | Identified the +0 cloak of Eternal Night {rF+ Dex+3}
 10806 | Gauntlet | Noticed a minotaur
 10822 | Gauntlet | HP: 4/93 [minotaur/+0 war axe (4)]
 10823 | Gauntlet | HP: 1/93 [minotaur's headbutt (3)]
 10824 | Gauntlet | Slain by a minotaur

Illustrated notes

Levels and vault maps discovered:
D:1:      nzn_arrival_settlement, layout_basic
D:2:      layout_basic, serial_shops, nicolae_shop_hallway_plus
D:3:      layout_loops_ring, lemuel_round_altar, chequers_big_river,
          minivault_24, minmay_liquid_box, uniq_grinder
D:4:      layout_basic, mainiacjoe_overflow_brackets,
          mainiacjoe_overflow_alcove_1, minmay_stone_trees_small,
          uniq_eustachio, uniq_sigmund, uniq_pikel
D:5:      layout_cave_pools, hellmonk_ghost_happy_afterlife, serial_bayou,
          serial_bayou_shore_a, serial_bayou_pond_b, serial_bayou_lake_a,
          serial_bayou_pond_c, serial_bayou_shore_b, serial_bayou_pond_e,
          dk_noncrumbling_3, uniq_ijyb
D:6:      wander_river, layout_basic, minmay_temple_entry_trees,
          gup_ossuary_entry_pyramid, minmay_fountain_box
D:7:      layout_loops_ring, lemuel_tele_altar, enter_bailey_5,
          nicolae_elemental_shop
D:8:      layout_cave_pools, mainiacjoe_overflow_surrounded_room,
          serial_column_ruins, column_ruins_hut_pillars,
          column_ruins_corridor_T, column_ruins_open_tiny,
          column_ruins_corridor_dead_end, column_ruins_corridor_water,
          column_ruins_columns_corner, column_ruins_open_small_water
D:9:      minmay_the_grid_4x2 [minmay_the_grid_square_x, minmay_the_grid_doors,
          minmay_the_grid_stretched_grid, minmay_the_grid_outer_diamond,
          minmay_the_grid_eight, minmay_the_grid_slots,
          minmay_the_grid_dragon_b, minmay_the_grid_prize_inner_circle],
          layout_rooms, mainiacjoe_overflow_boulevard, dancing_weapons_uskayaw,
          lair_entry_dummy, uniq_maurice
D:10:     old_forge, layout_basic, minitemple, serial_shops, shop,
          nicolae_shop_stone, minmay_lindwurm_lava
Temple:   oiseaux_autumnal_temple
Lair:1:   layout_hall_layers, gauntlet_entry_generic
Gauntlet: minmay_gauntlet_77_indecision
          [minmay_gauntlet_arena_77_chump_sandwich,
          minmay_gauntlet_arena_77_two_lines,
          minmay_gauntlet_arena_77_two_paths,
          minmay_gauntlet_arena_77_shame_cube,
          minmay_gauntlet_arena_77_checkered,
          minmay_gauntlet_arena_77_double_cross, gauntlet_exit_hidden_loot]

Skill      XL: |  1  2  3  4  5  6  7  8  9 10 11 |
---------------+----------------------------------+-----
Short Blades   | 2 |  2.4
Armour         | 1 3 5 6 7 8 |  8.8
Dodging        | 1 2 3 4 6 7 |  7.1
Maces & Flails | 1 3 5 6 8 10 | 10.1
Fighting       | 3 4 5 7 8 |  8.2
Invocations    | 2 3 |  3.9
Throwing       | |  1.7
Stealth        | |  3.7

Action                     |  1- 3 |  4- 6 |  7- 9 | 10-12 || total
---------------------------+-------+-------+-------+-------++-------
  Melee: Dagger            |   138 |    55 |   102 |       ||   295
         Short sword       |       |    54 |   100 |       ||   154
         Flail             |       |       |   374 |   477 ||   851
         Morningstar       |       |       |       |   294 ||   294
  Throw: Dart              |       |     3 |    26 |       ||    29
         Stone             |       |       |       |    10 ||    10
         Boomerang         |       |       |       |     7 ||     7
 Invoke: Heroism           |       |       |       |    16 ||    16
         Finesse           |       |       |       |     3 ||     3
    Use: Potion            |       |     5 |     2 |     6 ||    13
         Scroll            |       |       |     6 |    11 ||    17
   Stab: Sleeping          |     3 |     5 |     2 |     2 ||    12
         Distracted        |       |       |       |     1 ||     1
 Armour: Robe              |    49 |    29 |       |       ||    78
         Ring mail         |       |     7 |       |       ||     7
         Scale mail        |       |       |    90 |   272 ||   362
         Gold dragon scale |       |       |   198 |   126 ||   324
         Skin              |       |       |       |   112 ||   112
  Dodge: Dodged            |    59 |    34 |   122 |   224 ||   439

Table legend: (Time is in decaauts)
 A = Elapsed time spent in this place.
 B = Non-inter-level travel time spent in this place.
 C = Inter-level travel time spent in this place.
 D = Time resting spent in this place.
 E = Time spent auto-exploring this place.
 F = Levels seen in this place.
 G = Mean time per level.
                   A        B        C        D        E       F      G
               +--------+--------+--------+--------+--------+-----+--------+
         Total |  11305 |  10690 |    615 |   1836 |   6014 |  15 |  753.7 |
       Dungeon |   9910 |   9356 |    554 |   1438 |   5728 |  10 |  991.0 |
        Temple |     63 |      2 |     61 |      0 |      0 |   1 |   63.0 |
          Lair |     67 |     67 |      0 |      0 |      0 |   1 |   67.0 |
       Ossuary |    336 |    336 |      0 |     41 |    113 |   1 |  336.0 |
        Bailey |    443 |    443 |      0 |    166 |     66 |   1 |  443.0 |
      Gauntlet |    485 |    485 |      0 |    189 |    107 |   1 |  485.0 |
               +--------+--------+--------+--------+--------+-----+--------+

Top non-repeatable levels by time:
     D:9: 1920 daAuts
     D:5: 1302 daAuts
     D:2: 1073 daAuts
     D:7: 1069 daAuts
     D:3: 1030 daAuts
     D:6: 973 daAuts
     D:1: 949 daAuts
     D:4: 934 daAuts
     D:8: 654 daAuts
Gauntlet: 485 daAuts
  Bailey: 443 daAuts
 Ossuary: 336 daAuts
  Lair:1: 67 daAuts
  Temple: 63 daAuts
    D:10: 1 daAuts
